 Dungeon Crawl Stone Soup version 0.29.1-1-gd02db6906a (webtiles) character file.

Game seed: 13556248311407496567

416 corgi the Shooter (level 6, -4/52 HPs)
             Began as a Minotaur Hunter on Oct 14, 2022.
             Slain by Duvessa
             ... wielding a +0 short sword
              (6 damage)
             ... on level 4 of the Dungeon.
             The game lasted 00:05:20 (3730 turns).

corgi the Shooter (Minotaur Hunter)                 Turns: 3730, Time: 00:05:21

Health: -4/52      AC:  3    Str: 16    XL:     6   Next: 60%
Magic:  5/5        EV: 13    Int:  6    God:
Gold:   251        SH:  5    Dex: 15    Spells: 5/5 levels left

rFire   . . .      SeeInvis .   a - +2 shortbow
rCold   . . .      Faith    .   (shield currently unavailable)
rNeg    . . .      Spirit   .   c - +0 leather armour
rPois   +          Reflect  +   (helmet restricted)
rElec   .          Harm     .   (no cloak)
rCorr   .          Rampage  .   (no gloves)
Will    .....                   (no boots)
Stlth   +.........              i - amulet of reflection
HPRegen 0.17/turn               g - ring of poison resistance
MPRegen 0.09/turn               (no ring)

@: unable to drink
A: horns 2, retaliatory headbutt, inability to drink after injury 1
a: no special abilities


You were on level 4 of the Dungeon.
You visited 1 branch of the dungeon, and saw 4 of its levels.

You collected 251 gold pieces.

Inventory:

Hand Weapons
 a - a +2 shortbow (weapon)
Armour
 c - a +0 leather armour (worn)
 d - a +0 plate armour
Jewellery
 f - an amulet of the acrobat
 g - a ring of poison resistance (left hand)
 i - an amulet of reflection (around neck)
Scrolls
 b - 6 scrolls of immolation
 j - a scroll of teleportation
Potions
 e - a potion of invisibility
 h - a potion of magic


   Skills:
 + Level 4.2 Fighting
 * Level 6.5 Ranged Weapons
 + Level 3.3 Armour
 + Level 3.9 Dodging
 - Level 0.7 Stealth


You had 5 spell levels left.
You didn't know any spells.
Your spell library was empty.

Dungeon Overview and Level Annotations

Branches:
Dungeon (4/15)
 Temple: D:4-7

Altars:

Annotations:
D:4 Duvessa


Innate Abilities, Weirdness & Mutations

You have a pair of horns on your head.
You reflexively headbutt those who attack you in melee.
You occasionally lose the ability to drink potions when taking damage.


Message History

You shoot an arrow. The arrow hits Dowan.
Dowan is almost dead.
You block Duvessa's attack. Dowan hits you with a +0 dagger.
You shoot an arrow. The arrow closely misses Dowan.
You block Duvessa's attack. Dowan hits you with a +0 dagger.
You shoot an arrow. The arrow barely misses Dowan.
Duvessa hits you with a +0 short sword. You block Dowan's attack.
Duvessa misses you. Dowan casts a spell at you. The puff of frost misses you.
You are too injured to fight recklessly!
You are too injured to fight recklessly!
You are too injured to fight recklessly!
You are too injured to fight recklessly!
Fire: a) +2 shortbow
Press: ? - help, Q - select action Shift-Dir - straight line, f/p - Dowan
Aim: Dowan, wielding a +0 dagger and wearing a +0 robe (almost dead, 57% to hit)
You shoot an arrow. The arrow hits Dowan!
You kill Dowan!
Duvessa screams, "No!
How DARE you!"
Duvessa goes berserk!
You block Duvessa's attack.
Fire: a) +2 shortbow
Press: ? - help, Q - select action Shift-Dir - straight line, f - Duvessa
Aim: Duvessa, wielding a +0 short sword and wearing a +0 leather armour (lightly wounded, berserk, 69% to hit)
You shoot an arrow.
The arrow hits Duvessa but does no damage.
Duvessa is lightly wounded.
Duvessa hits you with a +0 short sword!
* * * LOW HITPOINT WARNING * * *
Duvessa hits you with a +0 short sword!
You feel threatened and lose the ability to drink potions!
* * * LOW HITPOINT WARNING * * *
Fire: a) +2 shortbow
Press: ? - help, Q - select action Shift-Dir - straight line, f/p - Duvessa
Aim: Duvessa, wielding a +0 short sword and wearing a +0 leather armour (lightly wounded, berserk, 69% to hit)
You shoot an arrow. The arrow hits Duvessa.
Duvessa is moderately wounded.
Duvessa hits you with a +0 short sword.
You die...

## ##############
.##
####.....@)......
..##
#(.......e.######
...#####.##.#######
..........#.#
...#####..#.# #
..## #..#.# . .##
#..#.# #
.#######..#.# #
............# ### #


You could see Duvessa (berserk).

Vanquished Creatures
  Menkaure (D:4)
  Dowan (D:4)
  A jelly (D:4)
  2 hounds (D:4)
  An iguana (D:3)
  6 adders
  2 dart slugs
  5 orcs
  12 endoplasms
  5 giant cockroaches
  3 goblins
  9 hobgoblins
  7 jackals
  4 kobolds
  3 quokkas
  3 ball pythons
  6 bats
  11 frilled lizards
  4 rats
86 creatures vanquished.

Notes
Turn   | Place    | Note
-------+----------+-------------------------------------------
     0 | D:1      | corgi the Minotaur Hunter began the quest for the Orb.
     0 | D:1      | Reached XP level 1. HP: 18/18 MP: 0/0
   197 | D:1      | Reached XP level 2. HP: 23/25 MP: 1/1
   418 | D:1      | Reached skill level 1 in Armour
   820 | D:1      | Reached XP level 3. HP: 30/30 MP: 2/2
  1033 | D:2      | Reached skill level 5 in Ranged Weapons
  1127 | D:2      | Found a faded altar of an unknown god.
  1841 | D:3      | Reached XP level 4. HP: 35/38 MP: 3/3
  2769 | D:4      | Reached XP level 5. HP: 28/45 MP: 4/4
  3097 | D:4      | Gained mutation: You occasionally lose the ability to drink
                  | potions when taking damage. [potion of mutation]
  3195 | D:4      | Reached skill level 6 in Ranged Weapons
  3267 | D:4      | Noticed Menkaure
  3275 | D:4      | Killed Menkaure
  3276 | D:4      | Reached XP level 6. HP: 13/52 MP: 5/5
  3680 | D:4      | Identified the +7 war axe of the Arena {distort, rC- rN+
                  | Str+4}
  3716 | D:4      | Noticed Duvessa
  3718 | D:4      | Noticed Dowan
  3728 | D:4      | Killed Dowan
  3729 | D:4      | HP: 1/52 [Duvessa/+0 short sword (8)]
  3730 | D:4      | Slain by Duvessa

Illustrated notes

Levels and vault maps discovered:
D:1:      roderic_octagonal_star, layout_basic
D:2:      layout_basic, shapermc_ecumenical_altar_notcrosses, minmay_tromino_i2
D:3:      layout_basic
D:4:      layout_loops_ring, uniq_duvessa, uniq_menkaure

Skill      XL: |  1  2  3  4  5 |
---------------+----------------+-----
Armour         | 1 2 3 |  3.3
Ranged Weapons | 5 6 |  6.5
Fighting       | 3 4 |  4.2
Dodging        | 3 |  3.9
Stealth        | |  0.7

Action                   |  1- 3 |  4- 6 || total
-------------------------+-------+-------++-------
 Fire: Shortbow          |   124 |   121 ||   245
  Use: Scroll            |     8 |     3 ||    11
       Potion            |     4 |     3 ||     7
Armor: Leather armour    |     8 |    16 ||    24
Dodge: Dodged            |    39 |    27 ||    66
Block: Other             |       |    12 ||    12
